[Event "European Women-ch 2023"]
[Site "Petrovac"]
[Date "2023.03.25"]
[Round "7.9"]
[White "Gajcin, Marina"]
[Black "Brunello, Marina"]
[Result "0-1"]
[Annotator "TA"]
[ECO "B51"]
[WhiteElo "2215"]
[BlackElo "2346"]
[PlyCount "88"]
[EventDate "2023.03.15"]
[EventType "swiss"]
[EventCountry "MNE"]
[SourceTitle "playchess.com"]
[Source "ChessBase"]
[SourceQuality "1"]
[TimeControl "40/5400+30:1800+30"]

1. e4 c5 2. Nf3 d6 3. Bb5+ Nd7 4. d4 cxd4 5. Qxd4 a6 6. Bxd7+ Bxd7 7. c4 {[%emt 0:00:05] B51: Sicilian: Moscow Variation (3 Bb5+) without 3...Bd7.} Nf6 8. Bg5 e6 9. Nc3 {[%emt 0:00:11] The position is equal.} h6 10. Bxf6 Qxf6 11. e5 dxe5 12. Nxe5 {[%emt 0:00:13][%csl Ge5][%cal Rd4d7] [#]} O-O-O 13. O-O-O Be8 14. Qe3 {[%emt 0:00:05] [#]} Kb8 $146 ({Better is} 14... Qe7 $11) ({Predecessor:} 14... Bb4 15. Ne2 Ba4 16. b3 Bc6 17. f3 Bd6 18. Rxd6 Rxd6 19. Rd1 Rxd1+ 20. Kxd1 Rd8+ {0-1 Dragnev,V (2520)-Heimann,A (2588) Bad Ragaz Accentus YM 2017 (8)}) 15. f4 {[%emt 0:34:03] And now Ne4 would win.} Qe7 16. g3 (16. Rxd8+ $11 {deserves consideration.} Qxd8 17. c5 (17. Rd1 Qc7 $15)) 16... Rc8 17. Qd3 Qc7 18. Rhe1 Bb4 $1 {[%emt 0:02:01] White is on the road to losing.} 19. f5 (19. Kb1 $17) 19... f6 $19 20. Nf3 e5 ({Stronger than} 20... Qxc4 21. Qxc4 Rxc4 22. Rd8+ Ka7 23. Nd2 $15 (23. Rxe6 Bxc3 24. Rexe8 Rxe8 $17)) 21. b3 (21. Kb1 {might work better.}) 21... Qa5 22. Kb2 Bc6 23. Re3 $2 (23. Nd2 {was the only chance.}) 23... Bc5 {[%emt 0:08:10] [#] Strongly threatening ...Rhd8.} 24. Ree1 $2 (24. Qe2) 24... Rhd8 {[%emt 0:00:09] Black is clearly winning.} 25. Qe2 Bb4 {[%emt 0:08:11] A strong pair of Bishops.} 26. Ne4 Bxe4 27. Qxe4 Bc3+ 28. Kb1 Bxe1 29. Rxe1 Qc3 30. g4 Rd7 {[%emt 0:01:24] ...Rcd8 is the strong threat.} 31. Rc1 Qd3+ 32. Qxd3 Rxd3 {[%emt 0:00:06][%mdl 4096] Endgame KRR-KRN} 33. Ne1 Rd2 34. Nc2 Rcd8 35. Nb4 R8d4 36. h3 Rh2 37. Nd5 Rdd2 {[%emt 0:00:23] ( -> ...Rb2+)} 38. Nc3 Rxh3 39. c5 Rhh2 40. Na4 Kc7 41. a3 Kc6 42. b4 Rhg2 43. Nc3 Rb2+ 44. Ka1 Rbc2 {[%emt 0:00:05] Weighted Error Value: White=0.82/Black=0.19 (very precise)} 0-1

[Event "European Women-ch 2023"]
[Site "Petrovac"]
[Date "2023.03.25"]
[Round "7.10"]
[White "Savina, Anastasia"]
[Black "Gunina, Valentina"]
[Result "1-0"]
[Annotator "TA"]
[ECO "D17"]
[WhiteElo "2345"]
[BlackElo "2478"]
[PlyCount "79"]
[EventDate "2023.03.15"]
[EventType "swiss"]
[EventCountry "MNE"]
[SourceTitle "playchess.com"]
[Source "ChessBase"]
[SourceQuality "1"]
[TimeControl "40/5400+30:1800+30"]

1. d4 d5 2. c4 c6 3. Nf3 Nf6 4. Nc3 dxc4 5. a4 Bf5 6. Ne5 Nbd7 7. Nxc4 Nb6 {[%emt 0:00:05] seems to push 7...Qc7 aside.} 8. Ne5 a5 9. f3 {[%emt 0:00:47] D17: Slav Defence: 5 a4 Bf5: Lines with 6 Nh4 and 6 Ne5.} Nfd7 10. e4 Nxe5 11. dxe5 {[%emt 0:00:05] The position is equal.} Qxd1+ 12. Nxd1 Be6 13. Nf2 g6 14. Nd3 Bg7 15. f4 Nd7 {[%emt 0:03:01][%cal Bb6d7,Bd7c5,Bc5b3][%mdl 32] Prevents Nc5} 16. Be2 {[%emt 0:01:12] [#]} f5 $146 ({Predecessor:} 16... f6 17. exf6 exf6 18. O-O O-O 19. Be3 Rfe8 20. Nf2 Bf8 21. Rac1 Bb3 22. Bd1 Bf7 {1-0 Sarana,A (2649)-Shimanov,A (2581) Speed Chess Super Swiss blitz 2021 (10)}) 17. exf5 Bxf5 18. h4 O-O-O {[%emt 0:03:31] [#] And now ...Bxd3 would win.} 19. Nf2 Nc5 20. Be3 Nb3 21. Rd1 Kc7 {[%emt 0:25:49] [#]} 22. Bd3 (22. h5 $1 $16 ) 22... e6 ({Black should try} 22... Be6 $14) 23. h5 $16 Bf8 24. g4 (24. Bc4 {looks sharper.} Bc5 25. Ke2 Bxe3 26. Kxe3 Nc5 27. g4) 24... Bxd3 (24... Bb4+ $2 25. Ke2 Bxd3+ 26. Rxd3 $18) 25. Rxd3 Bb4+ $2 {[%emt 0:04:03] Black cannot hold the game after this.} (25... Rxd3 $16 {was necessary.} 26. Nxd3 Rg8) 26. Ke2 $18 Nc5 27. Bxc5 Bxc5 28. Rxd8 Rxd8 {[%emt 0:00:06][%mdl 4096] Endgame KRB-KRN} 29. Ne4 Kb6 30. Ng5 Rd4 31. Nxh7 ({Weaker is} 31. Nxe6 Rxa4 32. Kf3 Rb4 $18) 31... gxh5 32. gxh5 Rxf4 33. Nf6 {[%emt 0:00:46] Nd7+ would be deadly.} Rf2+ 34. Kd3 {[%emt 0:01:22] Strongly threatening Nd7+. White is clearly winning.} Rf3+ 35. Ke4 Re3+ 36. Kf4 {[%emt 0:00:06] Hoping for Nd7+.} Rd3 {[%emt 0:00:14] Prevents Nd7+} 37. h6 Rd4+ 38. Kf3 {[%emt 0:01:08] aiming for h7.} Rd3+ 39. Ke2 Re3+ 40. Kd2 {[%emt 0:00:00] Weighted Error Value: White=0.11 (very precise) /Black=0.36} 1-0

[Event "European Women-ch 2023"]
[Site "Petrovac"]
[Date "2023.03.25"]
[Round "7.10"]
[White "Zhukova, Natalia"]
[Black "Richterova, Natasa"]
[Result "1-0"]
[Annotator "TA"]
[ECO "D15"]
[WhiteElo "2322"]
[BlackElo "2190"]
[PlyCount "150"]
[EventDate "2023.03.15"]
[EventType "swiss"]
[EventCountry "MNE"]
[SourceTitle "playchess.com"]
[Source "ChessBase"]
[SourceQuality "1"]
[TimeControl "40/5400+30:1800+30"]

1. d4 d5 2. c4 c6 3. Nf3 Nf6 4. Nc3 a6 5. e3 b5 6. b3 Bg4 7. Be2 {[%emt 0:00:30] 7.a4 might become the main line.} Nbd7 8. h3 {[%emt 0:00:56] D15: Slav Defence: 4 Nc3 a6 and gambit lines after 4 Nc3 dxc4.} Bxf3 9. Bxf3 e6 10. O-O {[%emt 0:00:25] White is slightly better.} Rc8 11. Qe2 Be7 {[%emt 0:10:12] [#]} 12. a4 $146 ({Predecessor:} 12. e4 dxe4 13. Nxe4 O-O 14. Be3 Re8 15. Rfd1 Qa5 16. Rac1 Nxe4 17. Bxe4 Nf6 18. Bf3 {½-½ Cobb,C (2393)-Fahrner,K (2369) EU-Cup 19th Rethymno 2003 (3.1)}) 12... b4 13. Nb1 O-O 14. Bb2 Ne4 15. Bxe4 dxe4 16. Nd2 f5 17. c5 $1 a5 18. Qc4 Rf6 19. f3 exf3 20. Rxf3 Kh8 21. Raf1 Rg6 22. Qc2 (22. Qa6 $16) 22... Qc7 (22... Nf6 $1 $11) 23. Nc4 Rf8 (23... Nf6 $16 {keeps fighting.}) 24. e4 $18 fxe4 25. Rxf8+ (25. Qxe4 Rc8 26. Bc1 Qd8 $18) 25... Bxf8 26. Qxe4 Kg8 27. Qf4 (27. Qf3 $6 Rf6 28. Qe4 Rxf1+ 29. Kxf1 e5 $18) (27. Kh1 $18) 27... Qxf4 $16 28. Rxf4 e5 29. Rf5 (29. Nxe5 $6 Nxe5 30. dxe5 Rg3 $11) 29... Re6 30. dxe5 {[%emt 0:02:38] White has more active pieces.} ({White should try} 30. Nxa5 $16 exd4 31. Bxd4) 30... Bxc5+ $14 31. Kf1 Bb6 32. Nxb6 Nxb6 {[%emt 0:00:01][%mdl 4096] Endgame KRB-KRN} 33. Ke2 Nd7 34. Kd3 g6 35. Rg5 (35. Rf2 $11 {might be stronger.}) 35... Kf7 $1 $15 36. Kc4 (36. h4 $11) 36... h6 $17 {[%emt 0:01:05][%mdl 64] Deflection} 37. Rg3 Nxe5+ 38. Bxe5 Rxe5 {[%emt 0:00:00] KR-KR} 39. Rd3 Ke7 {[%emt 0:00:12] Dodges Rd6} 40. Rg3 Kf6 41. Rd3 Ke7 {[%emt 0:06:06] Against Rd6} (41... Ke6 $17 42. Rd8 h5) 42. Rg3 $1 $19 g5 $1 43. Rd3 (43. Rf3 $142) 43... h5 44. Rd2 h4 45. Rd4 Rf5 46. Rd2 Ke6 47. Rd8 Ke5 $2 (47... Rf2 $19 48. Ra8 Rc2+ 49. Kd3 Rxg2 50. Rxa5 Rg3+ 51. Kc4 Kf6) 48. Kc5 $2 {[%emt 0:00:51] [#]} (48. Rd2 $1 $11) 48... Kf4+ $2 (48... Rf2 $1 $19 49. Ra8 Rxg2 50. Rxa5 Rg3 51. Kxb4+ (51. Kxc6+ $2 Kf6 $19) 51... Kf4) 49. Kxc6 $11 Kg3 50. Rd2 Rf2 51. Rd5 g4 52. hxg4 (52. Rxa5 $2 Rf6+ 53. Kc7 Kxg2 54. hxg4 h3 $19) 52... Kxg4 53. Rxa5 Rb2 54. Ra8 Rxb3 55. Rg8+ Kf4 56. Rh8 Kg3 57. Rg8+ Kf2 58. Rg4 Rb1 59. Rxh4 {[%emt 0:00:16] a5 is the strong threat.} (59. Kb5 $5) 59... Kg3 $2 (59... b3 $11 {and Black is okay.}) 60. Rc4 {[%emt 0:00:31] Threatens to win with a5.} b3 {[%emt 0:00:00][%cal Bb4b3,Bb3b2][%mdl 32] [#] Strongly threatening ...b2!} 61. Rb4 $2 (61. Rc3+ $1 $18 Kf2 62. Kb5 (62. a5 b2 $11)) 61... b2 $1 {[%emt 0:00:06] aiming for ...Rc1+.} (61... Kxg2 62. Kb6 (62. a5 Ra1 $11) 62... Ra1 63. Kb5 $18 (63. Rxb3 Rxa4 64. Kc6 Ra5 $11) (63. a5 Ra3 $11)) 62. Kb5 {[%emt 0:00:18] a5 would be deadly.} (62. Kb6 $5 Ra1 $8 63. Rxb2 Rxa4 64. Re2 $11) 62... Kxg2 $2 (62... Kf2 $11) 63. a5 Kf3 64. a6 Ke3 65. Kb6 Rh1 66. Rxb2 Rh6+ 67. Ka5 Rh5+ 68. Rb5 Rh7 69. Rb7 Rh5+ 70. Kb4 Rh4+ 71. Kb3 Rh1 72. a7 (72. Kb2 $142 Rh2+ 73. Ka3 Rh8 74. a7 Ra8 75. Kb4 Kf4 76. Kc5 Rc8+ 77. Kb5) 72... Ra1 73. Kb2 {[%emt 0:00:36] White mates.} Ra6 74. Rb3+ Kd4 75. Ra3 Kd5 {[%emt 0:01:08] A wild game.   Weighted Error Value: White=0.30/Black=0.42} 1-0

[Event "European Women-ch 2023"]
[Site "Petrovac"]
[Date "2023.03.25"]
[Round "7.10"]
[White "Ibrahimova, Sabina"]
[Black "Slaba, Andrea"]
[Result "1-0"]
[Annotator "TA"]
[ECO "B15"]
[WhiteElo "2207"]
[BlackElo "2061"]
[PlyCount "117"]
[EventDate "2023.03.15"]
[EventType "swiss"]
[EventCountry "MNE"]
[SourceTitle "playchess.com"]
[Source "ChessBase"]
[SourceQuality "1"]
[TimeControl "40/5400+30:1800+30"]

1. e4 c6 2. d4 d5 3. f3 g6 4. Nc3 Bg7 5. Be3 dxe4 6. fxe4 Nf6 7. Nf3 Ng4 {[%emt 0:07:12] is recently more successful than 7...0-0.} 8. Bf4 {[%emt 0:00:28] B15: Caro-Kann: 3 Nc3: 3...g6 and 3...dxe4 4 Nxe4 Nf6 5 Nxf6+ exf6.} e5 9. dxe5 Qxd1+ 10. Rxd1 {[%emt 0:00:20] Strongly threatening h3. The position is equal.} Nd7 {[%emt 0:00:08] [#]} 11. e6 $1 fxe6 12. h3 Nge5 {[%emt 0:03:25] [#]} 13. Nd4 $146 ({Predecessor:} 13. Be2 Nxf3+ 14. gxf3 e5 15. Be3 Nf6 16. Bc4 Nh5 17. Kf2 Bf6 18. Ne2 Bd8 19. Rd2 {1-0 Burggraf,M (2051)-Bartsch,B (2311) Forchheim op-A 2003 (5)}) 13... Nb6 14. Be2 O-O (14... Nec4 {looks sharper.} 15. Bc1 O-O 16. Rf1 Rd8) 15. O-O Nf7 16. Bc1 Bd7 17. a4 ({White should play} 17. Be3 $14) 17... Ne5 (17... c5 $11 18. Nb3 Bxa4) 18. a5 {[%emt 0:01:09] Threatens to win with Nf3.} Rxf1+ 19. Bxf1 (19. Rxf1 Nbc4 $14) 19... Nbc4 20. Nb3 {[%emt 0:02:57] Hoping for Bxc4.} Be8 21. Nc5 (21. Rd4 $1 $16 Nxa5 22. Nxa5 Nf3+ 23. gxf3 Bxd4+ 24. Kg2) 21... Nxa5 $11 22. Nxe6 Bf6 23. Bf4 Nac4 24. b3 Nb6 (24... Na3 $11) 25. Ne2 (25. Nc5 $5 ) 25... Nbd7 {[%emt 0:01:04] Prevents Nc5.} 26. N2d4 Bf7 27. Ng5 a6 28. Ndf3 Re8 29. Be2 Re7 (29... Nf8 $11 {was preferrable.}) 30. Bc1 (30. Nxe5 $14 {is more appropriate.} Nxe5 31. Rd6) 30... Re8 31. Rf1 h6 (31... Nc5 $11) 32. Nxe5 $16 Nxe5 33. Rxf6 {[%emt 0:08:29] And now Nxf7 would win.} hxg5 34. Rd6 {[%emt 0:00:10] Prevents Nd7.} Be6 35. Kf2 (35. Bxg5 Nf7 36. Bf4 Nxd6 37. Bxd6 Rd8 $17) 35... Nf7 36. Rd1 Ra8 37. Ke3 a5 38. Kd4 ({Better is} 38. Bb2 $16) 38... b6 (38... a4 $14) 39. Rf1 a4 40. Rf6 Nd8 {[%emt 0:00:00] [#]} 41. Bxg5 (41. Rxg6+ $6 Kf7 42. Bh5 (42. Rxg5 a3 $11) 42... a3 $14) (41. bxa4 $1 $16 {Ke5 would be deadly.} Kg7 42. Bxg5) 41... Bf7 (41... a3 $1 $11 {keeps the balance.} 42. Kd3 (42. Rxg6+ $2 {perishes.} Kh7 $19) 42... Nb7) 42. Kc3 {[%emt 0:04:58] White is much more active.} axb3 43. cxb3 Ne6 44. Be3 Kg7 45. Rf1 (45. Rf2 $18) 45... c5 46. Bc4 Ra2 47. g4 Nd8 (47... Rh2 $16) 48. Bg5 $18 Bxc4 49. Kxc4 {[%emt 0:00:11][%mdl 4096] Endgame KRB-KRN} Nc6 50. Kb5 Nd4+ 51. Kc4 $2 (51. Kxb6 $18 Nxb3 52. e5) 51... Rc2+ $2 (51... Nc6 $1 $11) 52. Kd5 Nxb3 53. Ke6 (53. e5 $142) 53... Re2 {[%emt 0:01:24] [#]} 54. Bf6+ (54. Rf7+ $1 $18 {and White stays clearly on top.} Kg8 55. Rb7 Rxe4+ 56. Kf6) 54... Kg8 $16 55. e5 {[%emt 0:00:31] aiming for Ke7.} Rd2 $2 {[%emt 0:02:31][%mdl 8192] Black cannot hold the game after this.} (55... c4 $16 {is tougher.}) 56. Bg5 $18 {[%emt 0:00:58][%cal Oe6e7] White threatens Ke7! and mate.} Rd3 $2 (56... Re2 $18 57. Rf6 Kg7 58. Rf7+ Kg8) 57. Ke7 {[%emt 0:00:16] White mates.} Nd4 58. Rf8+ Kg7 59. Bf6+ {[%emt 0:00:11] Weighted Error Value: White=0.32/Black=0.50} 1-0

[Event "European Women-ch 2023"]
[Site "Petrovac"]
[Date "2023.03.25"]
[Round "7.11"]
[White "Ovod, Evgenija"]
[Black "Efroimski, Marsel"]
[Result "1/2-1/2"]
[Annotator "TA"]
[ECO "C07"]
[WhiteElo "2305"]
[BlackElo "2451"]
[PlyCount "128"]
[EventDate "2023.03.15"]
[EventType "swiss"]
[EventCountry "MNE"]
[SourceTitle "playchess.com"]
[Source "ChessBase"]
[SourceQuality "1"]
[TimeControl "40/5400+30:1800+30"]

1. e4 e6 2. d4 d5 3. Nd2 c5 4. Ngf3 cxd4 5. Nxd4 Nc6 6. Bb5 Bd7 7. Nxc6 bxc6 8. Bd3 Qc7 9. Qe2 {[%emt 0:01:21] C07: French Tarrasch: 3...c5, 4 Ngf3 and 4 exd5 Qxd5.} Ne7 10. e5 Ng6 {[%emt 0:01:44] aiming for ...Nf4.} 11. Nf3 f6 12. Bxg6+ hxg6 13. O-O g5 14. h3 {[%emt 0:00:32] [#]} c5 $146 ({Predecessor:} 14... Bc5 15. Bd2 Bb6 16. c4 Qb7 17. Rac1 Bd8 18. Rfe1 O-O 19. b3 a5 20. Qd3 Bc8 {½-½ Martin Del Campo C,R (2290)-Garcia De Dios,J (2206) Mexico City Fenamac IM-2 1st 2021 (5)}) 15. c4 d4 16. Ne1 (16. b4 $11) 16... Qxe5 $15 (16... fxe5 17. Nf3 $14) 17. Qxe5 fxe5 18. Nf3 {[%emt 0:00:30] [#]} g4 $36 {[%emt 0:03:08][%mdl 2048] Keeping White busy.} 19. hxg4 e4 20. Ng5 Bd6 $1 {[%emt 0:03:09][%cal Bf8d6,Bd6h2,Bh2g3][%mdl 32] Hoping for ...Bh2+.} 21. Nxe4 ({White should try} 21. Re1) 21... Bh2+ $17 22. Kh1 Bg3+ {[%emt 0:06:16][%mdl 1024] Black has strong compensation.} 23. Kg1 Bh2+ 24. Kh1 O-O-O (24... Bc6 $17 25. f3 d3) 25. Ng5 $15 Rdf8 {[%emt 0:06:41] Dodges Nf7} 26. Nh3 Bc7 27. Bg5 Bc6 28. Kg1 {[%emt 0:02:29] [#]} Rxh3 29. gxh3 $11 {[%emt 0:00:03] Threatens to win with f4.} Rf3 30. h4 Rh3 31. f4 $1 e5 32. Rae1 (32. fxe5 $11 {might be stronger.} Bxe5 33. Rf8+ Kb7 34. Raf1) 32... exf4 $1 $15 {[%emt 0:02:09] ( -> ...Rg3+)} 33. Bxf4 Rh1+ (33... Rxh4 34. Bxc7 Rxg4+ 35. Kh2 Rg2+ 36. Kh3 Kxc7 37. Rf7+ Kd6 38. Rfe7 $16 (38. Rxa7 Rxb2 39. Rxg7 Rxa2 $16)) 34. Kf2 Rxf1+ (34... Rxh4 $2 35. Bxc7 Kxc7 36. Kg3 $18) 35. Rxf1 Bxf4 36. Ke2 Bg3 37. Rf5 Be4 (37... Bxh4 38. Rxc5 Kb7 39. Rf5 $11) 38. Rxc5+ Kb7 39. Rg5 {[%emt 0:06:14] [#]} (39. Ra5 $17) 39... g6 (39... d3+ $1 $19 40. Ke3 Bf4+ {[%mdl 64] Double Attack} 41. Kxe4 (41. Kxf4 d2 $19) 41... Bxg5 42. Kxd3 (42. hxg5 $2 d2 $19) 42... Bxh4) 40. h5 {[%emt 0:00:00] [#]} d3+ $2 (40... Bf4 $1 $17 {[%cal Rf4g5] keeps the pressure on.} 41. Rb5+ (41. Rxg6 $2 d3+ 42. Kf1 d2 $19) 41... Kc6) 41. Ke3 $18 Bf4+ $2 (41... d2 42. Rb5+ (42. Kxe4 $2 {is the wrong capture.} d1=Q $19) 42... Kc6 43. Kxd2 (43. Kxe4 $2 d1=Q $19) 43... Bf4+ 44. Kc3 gxh5 45. gxh5 Bh6) 42. Kxf4 $2 (42. Kxe4 $18 Bxg5 43. Kxd3 gxh5 44. gxh5) 42... d2 $11 43. Kxe4 {[%emt 0:00:26] Threatening mate with Rd5.} ({Avoid the trap} 43. Rb5+ $2 Kc6 44. hxg6 d1=Q $19) 43... d1=Q {[%emt 0:00:04] ...Qe2+ is the strong threat.} 44. hxg6 {[%emt 0:06:07][%mdl 4096] Endgame KQ-KR} (44. Rxg6 Qc2+ 45. Kf4 Qxc4+ 46. Kg5 Qc1+ 47. Kh4 Qxb2 $17) 44... Qc2+ 45. Ke5 Qxb2+ 46. Ke6 {[%emt 0:04:00] White wants to mate with Rb5+.} Qb6+ 47. Kf7 {[%emt 0:02:53] White threatens Rb5 and mate.} Qc7+ 48. Kf6 $1 Qd8+ 49. Kf5 Qf8+ 50. Ke6 $1 Qg7 {[%emt 0:02:10] And now ...Kc6 would win.} 51. Rb5+ $1 Kc6 52. Kf5 Kd6 (52... Qd4 $17 53. Kg5 Qxc4) 53. Kg5 {[%emt 0:02:08] The position is equal.} Ke6 {[%emt 0:05:50] ...Qf6+ would be deadly.} 54. Rf5 {[%emt 0:00:17] Prevents Qf6+.} Qd4 55. a4 a5 56. Kh5 Qh8+ 57. Kg5 Qc3 58. Kh5 Ke7 59. Rf7+ Ke8 60. Rf5 Qh8+ 61. Kg5 Qb2 62. Kh6 Qh8+ 63. Kg5 Qa1 64. Kh6 {[%emt 0:00:24] g7 would kill now.} Qh8+ {[%emt 0:00:32] Weighted Error Value: White=0.15 (very precise) /Black=0.25 (precise)} (64... Qxa4 65. g7 Qc6+ 66. Kg5 $18) 1/2-1/2

[Event "European Women-ch 2023"]
[Site "Petrovac"]
[Date "2023.03.25"]
[Round "7.11"]
[White "Kubicka, Anna"]
[Black "Klek, Hanna Marie"]
[Result "1-0"]
[Annotator "TA"]
[ECO "B30"]
[WhiteElo "2211"]
[BlackElo "2314"]
[PlyCount "97"]
[EventDate "2023.03.15"]
[EventType "swiss"]
[EventCountry "MNE"]
[SourceTitle "playchess.com"]
[Source "ChessBase"]
[SourceQuality "1"]
[TimeControl "40/5400+30:1800+30"]

1. e4 c5 2. Nf3 Nc6 3. Nc3 e5 4. Bc4 Be7 5. Nd5 d6 6. c3 {[%emt 0:02:02] B30: Sicilian: 2...Nc6 3 Bb5, lines without ...g6.} Nf6 7. Qe2 {[%emt 0:05:31] [#]} Nd7 $146 ({Predecessor:} 7... O-O 8. O-O Nxd5 9. Bxd5 Bf6 10. d3 Ne7 11. Bc4 Bd7 12. a4 Bc6 13. Rd1 Rc8 {½-½ Ilyasov,A (2330)-Razumikhin,A (2329) RUS-ch2 Vet sf02 email 2015}) 8. O-O {[%emt 0:03:41] White is slightly better.} Nb6 9. Bb3 Bg4 10. h3 Bh5 11. Nxb6 axb6 12. d3 h6 13. Qe3 Qd7 14. d4 exd4 15. cxd4 Bxf3 16. Qxf3 Bf6 17. dxc5 bxc5 18. Bd5 O-O 19. Qe2 Nb4 20. Bc4 Qe7 21. a3 Rfe8 22. Be3 Nc6 23. Bd5 Ra6 24. Rab1 Qd7 25. Qb5 Qc7 {[%emt 0:03:29] [#]} (25... Rd8 $14) 26. b4 $1 $16 cxb4 27. axb4 Rea8 28. Rfc1 {[%emt 0:06:41] Qf1 would be deadly. White is much more active.} Qe7 29. Qf1 {[%emt 0:04:21] Threatens to win with b5.} Ra4 (29... Nd4 $16) 30. b5 (30. Rxc6 $18 bxc6 31. Bxc6) 30... Nd8 31. Rc4 {[%emt 0:00:47] Repels Bd4} Ra3 32. Rbc1 Bb2 33. Rd1 $36 {[%emt 0:01:56][%mdl 2048] Black is under strong pressure.} Ne6 34. Qe2 Be5 35. g3 {[%emt 0:00:16] Against Bf4} Kh7 36. Kg2 g6 37. Rdc1 Rb3 {[%emt 0:00:52] [#]} (37... h5 {is a better defense.} 38. b6 Nc5) 38. b6 $1 $18 {[%emt 0:00:53][%cal Oc4c7] Strongly threatening Rc7!} ({Don't take} 38. Rc8 $6 Rb2 39. R8c2 Rxc2 40. Qxc2 Kg7) 38... Rb2 39. R1c2 ({Resist} 39. R4c2 $6 Rxc2 40. Qxc2 Bf6) 39... Raa2 40. Rc8 {[%emt 0:00:00] Wards off Bg7} Qd7 $2 (40... Rxc2 {was necessary.} 41. Rxc2 Ra8) 41. Bxa2 Rxa2 42. Rxa2 Qxc8 43. Qc2 Qd7 44. Qc4 g5 45. Ra8 Qe7 46. Qc8 Kg6 47. Rb8 d5 48. Rxb7 Qb4 49. Qg8+ {[%emt 0:00:30] Weighted Error Value: White=0.07 (flawless) /Black=0.40} 1-0

[Event "European Women-ch 2023"]
[Site "Petrovac"]
[Date "2023.03.25"]
[Round "7.11"]
[White "Walter, Ema"]
[Black "Pavlidou, Ekaterini"]
[Result "1/2-1/2"]
[Annotator "TA"]
[ECO "B31"]
[WhiteElo "2048"]
[BlackElo "2178"]
[PlyCount "163"]
[EventDate "2023.03.15"]
[EventType "swiss"]
[EventCountry "MNE"]
[SourceTitle "playchess.com"]
[Source "ChessBase"]
[SourceQuality "1"]
[TimeControl "40/5400+30:1800+30"]

1. e4 c5 2. Nf3 Nc6 3. Bb5 g6 4. O-O Bg7 5. Re1 Nd4 6. Bf1 {[%emt 0:03:49] B31: Sicilian: 2...Nc6 3 Bb5 g6.} d6 7. c3 Nxf3+ 8. Qxf3 e6 9. Na3 Ne7 10. Nc2 O-O 11. d3 Nc6 12. Be3 e5 13. Qd1 f5 14. f3 {[%emt 0:00:52] [#]} f4 $146 ({Predecessor:} 14... Qf6 15. b4 cxb4 16. Nxb4 Nxb4 17. Qb3+ Kh8 18. Qxb4 f4 19. Bf2 g5 20. d4 b6 {½-½ Orlov,A (2521)-Ikonnikov,V (2578) NED-chT 0809 2008 (2.1)}) 15. Bf2 Qf6 16. Qe2 (16. d4 $14) 16... g5 $11 17. Rad1 Qg6 18. d4 cxd4 19. cxd4 g4 {[%emt 0:15:01] ...g3 is the strong threat.} 20. Kh1 g3 21. Bg1 gxh2 22. Bf2 Kh8 23. Qb5 Bf6 24. dxe5 (24. Re2 $5) 24... Bxe5 25. Nb4 (25. Kxh2 Rg8 26. Rd3 (26. Kg1 $2 Bh3 $19) 26... a6 $19) ({White should try} 25. Re2) 25... Rg8 $1 {[%emt 0:03:56][%cal Oc8h3] Threatens to win with ...Bh3!} 26. Re2 $1 {[%emt 0:06:41] [#]} (26. Kxh2 $2 Bg4 27. Rd3 (27. fxg4 f3+ 28. g3 Qxg4 $19) (27. Qxb7 $2 Qh5+ 28. Kg1 Bxf3 $19) (27. Nxc6 $2 bxc6 $19) 27... Qh5+ 28. Kg1 Bxf3 29. Rxf3 Nd4 $19) (26. Nxc6 $2 Bh3 $19) 26... Bh3 $1 {[%emt 0:05:30][%cal Rh3g2][%mdl 64] Back Rank, Promotion} 27. Be1 (27. gxh3 $2 Qg1+ 28. Bxg1 hxg1=Q#) 27... Nd4 28. Rxd4 Bxd4 29. Nd5 {[%emt 0:01:03] [#]} (29. Qxb7 $1 $11 Rac8 30. Qd5) 29... Qg5 $1 30. Qxb7 $17 Rae8 {[%emt 0:03:49] Prevents Qe7} 31. Bc3 $2 (31. Nb4 $15) 31... Bxc3 $19 32. Nxc3 {[%emt 0:01:06] [#]} (32. bxc3 $142 Rb8 33. Qe7) 32... Qc5 $1 33. Kxh2 Be6 $2 (33... Re6 {[%cal Oh3g2] ( -> ...Bxg2!)} 34. Qf7 Bxg2 35. Qxg8+ {[%mdl 64] Remove Defender} Kxg8 36. Bxg2 Rh6+ 37. Bh3 Qh5) 34. Qb5 {[%emt 0:01:15] [#]} Qxb5 $1 35. Nxb5 Bc4 ({Stronger than} 35... Bxa2 36. Nxd6 Re5 37. Rd2 $17) 36. Re1 {[%emt 0:00:03] [#]} Bxf1 ({And not} 36... Bxa2 37. Ra1 Be6 38. b4 $15) 37. Rxf1 {[%emt 0:00:01][%mdl 4096] Endgame KRR-KRN} Rb8 38. a4 a6 39. Nxd6 Rxb2 40. Nf7+ Kg7 41. Ne5 Kf6 42. Ng4+ Ke7 43. Rf2 $2 (43. Kh3) 43... Rb1 $2 (43... Rxf2 $19 {is more deadly.} 44. Nxf2 a5) 44. Rc2 $17 h5 (44... Ra1 $17 45. Rc7+ Kd6 46. Rxh7 Rxa4) 45. Nh6 $15 Rd8 46. g3 (46. Nf5+ $11 Kd7 47. Nd4) 46... Rdd1 (46... Rd3 $17 47. Nf5+ Kd7) 47. gxf4 $2 (47. Nf5+ Kf6 48. gxf4) 47... Rh1+ $19 48. Kg3 Rbg1+ 49. Kf2 Rh2+ {[%emt 0:03:14][%mdl 64] Skewer} 50. Kxg1 Rxc2 {[%emt 0:00:04] KR-KN} 51. Nf5+ Kf6 (51... Kf7 $142 {...Ra2 would be deadly.} 52. Kf1 Ra2 53. Nd6+ Kf6 54. Ne8+ Ke7) 52. Ne3 Ra2 53. Nd5+ Kg7 54. Nb6 h4 55. f5 Kh6 $2 ({Black should play} 55... Rb2 $19 56. Nd5 Rd2) 56. Nd5 $2 (56. e5 $11 {and White has nothing to worry.}) 56... Rxa4 57. Kg2 $2 (57. e5 Ra5 58. Nb4) 57... Rd4 {[%emt 0:01:23] Strongly threatening ...a5.} 58. Nf4 a5 59. f6 Rd2+ (59... a4 $142 60. Kh3 a3) 60. Kh3 a4 $2 ({Better is} 60... Rd8 $19 61. Ne6 Rc8) 61. e5 $1 $11 {[%emt 0:00:59][%cal Oe5e6] And now e6! would win. The position is equal.} a3 62. e6 $1 {[%emt 0:00:16][%cal Oe6e7] Intending e7! and mate.} a2 63. e7 $1 a1=Q 64. e8=Q {[%emt 0:00:02][%csl Gf4][%cal Re8h5] KQR-KQN. Some like it hot} Qh1+ 65. Kg4 $132 {[%emt 0:00:06][%csl Gf4,Gg4][%cal Re8h5][%mdl 2048] White is not keeping still} Qg1+ 66. Kf5 $1 Qc5+ 67. Qe5 Qc2+ 68. Kg4 Qc8+ 69. Qf5 ({Don't play} 69. Kxh4 Rh2+ 70. Kg3 Qc2 $14) (69. Ne6 {looks sharper.} Qc4+ 70. f4 Rg2+ 71. Kxh4 Rh2+ 72. Kg3) 69... Qxf5+ 70. Kxf5 {[%emt 0:00:02] KR-KN} Rf2 71. Kg4 (71. f7 $5 Kg7 $8 72. f8=R {[%mdl 64] Decoy} Kxf8 73. Ng6+ Kf7 74. Nxh4 $11) 71... Kh7 72. Nh3 Rg2+ 73. Kxh4 Kg8 74. Nf4 Rg1 75. Nh3 Rg6 76. f4 Kf7 77. Ng5+ Kxf6 78. Kg4 Rg8 79. Kf3 Ra8 80. Ne4+ Kf5 81. Ng3+ Kf6 82. Ke4 {[%emt 0:01:04] Black had all chances to win. An exciting game.   Weighted Error Value: White=0.80/Black=0.51} 1/2-1/2